 Dungeon Crawl Stone Soup version 0.30-a0-457-g4b7bca3bfa (webtiles) character file.

Game seed: 18284182339916189890

738 Colgate the Digger (level 7, -3/36 HPs)
             Began as a Gargoyle Earth Elementalist on Dec 12, 2022.
             Slain by a hornet (15 damage)
             ... on level 5 of the Dungeon.
             The game lasted 00:24:29 (6975 turns).

Colgate the Digger (Gargoyle Earth Elementalist)    Turns: 6975, Time: 00:24:29

Health: -3/36      AC:  7    Str: 17    XL:     7   Next: 75%
Magic:  3/13       EV: 11    Int: 18    God:
Gold:   70         SH:  0    Dex: 10    Spells: 8/14 levels left

rFire   . . .      SeeInvis .    b - +2 mace (protect)
rCold   + . .      Faith    .    (no shield)
rNeg    + . .      Spirit   .    h - +0 robe
rPois   ∞          Reflect  .    (no helmet)
rElec   +          Harm     .    (no cloak)
rCorr   .          Rampage  .    (no gloves)
Will    .....                    k - +0 pair of boots
Stlth   ++........               q - amulet of regeneration
HPRegen 1.06/turn                j - +6 ring of strength
MPRegen 0.13/turn                B - ring of protection from cold

@: no status effects
A: sickness immunity, AC +4, negative energy resistance 1, electricity
resistance, torment resistance 1, petrification resistance
a: no special abilities


You were on level 5 of the Dungeon.
You visited 1 branch of the dungeon, and saw 5 of its levels.
You also visited: Sewer.

You collected 214 gold pieces.
You spent 144 gold pieces at shops.

Inventory:

Hand Weapons
 a - a +0 trident
 b - a +2 mace of protection (weapon)
 v - a +0 dagger
 z - a +1 spear of protection
Missiles
 l - a curare-tipped dart
 p - 36 poisoned darts
 r - 4 silver boomerangs
Armour
 h - a +0 robe (worn)
 k - a +0 pair of boots (worn)
Magical Staves
 A - a staff of air
Jewellery
 j - a +6 ring of strength (left hand)
 q - an amulet of regeneration (around neck)
 B - a ring of protection from cold (right hand)
 D - an amulet of guardian spirit
Scrolls
 c - a scroll of torment
 d - 2 scrolls of identify {unknown}
 g - 2 scrolls of blinking {@r4}
 i - 3 scrolls of fog
 y - a scroll of immolation {unknown}
 C - a scroll of brand weapon
 E - a scroll of enchant weapon
Potions
 e - 2 potions of might {unknown}
 f - 2 potions of berserk rage {unknown}
 m - 5 potions of magic
 n - 2 potions of attraction {unknown}
 o - 3 potions of flight {unknown}
 s - 3 potions of invisibility {unknown}
 t - 2 potions of heal wounds {@q2}
 u - 2 potions of curing {@q1}
 w - a potion of degeneration {unknown}
 x - 2 potions of brilliance


   Skills:
 - Level 1.5 Dodging
 - Level 2.1 Stealth
 - Level 4.4 Spellcasting
 - Level 6.0 Conjurations
 - Level 0.7 Transmutations
 + Level 0.6 Ice Magic
 - Level 6.0 Earth Magic


You had 8 spell levels left.
You knew the following spells:

 Your Spells              Type           Power      Damage    Failure   Level
a - Sandblast             Erth           50%        2d12      1%          1
b - Passwall              Tmut/Erth      13%        N/A       5%          2
c - Stone Arrow           Conj/Erth      50%        3d10      3%          3

Your spell library contained the following spells:

 Spells                   Type           Power      Damage    Failure   Level
 Apportation              Tloc           6%         N/A       14%         1
 Necrotise                Necr           12%        1d4       14%         1
 Summon Small Mammal      Summ           12%        N/A       14%         1
 Ozocubu's Armour         Ice            6%         N/A       32%         3
 Petrify                  Tmut/Erth      16%        N/A       34%         4
 Ignite Poison            Fire/Tmut/Pois 4%         N/A       36%         3
 Call Canine Familiar     Summ           3%         N/A       38%         3
 Kindle Blastsparks       Fire/Tloc/Air  6%         2d10      38%         3
 Summon Guardian Golem    Hex/Summ       3%         N/A       38%         3
 Freezing Cloud           Conj/Ice/Air   5%         6-21      85%         5
 Ozocubu's Refrigeration  Ice            3%         4d8       100%        7


Dungeon Overview and Level Annotations

Branches:
Dungeon (5/15)              Sewer (visited)
 Temple: D:4-7

Altars:
Vehumet
Zin

Shops:
D:2 !   D:5 *

Annotations:
D:3 1DR alttari


Innate Abilities, Weirdness & Mutations

You are immune to sickness and miasma.
Your stone body is resilient. (AC +4)
You are immune to poison.
You resist negative energy. (rN+)
You are resistant to electric shocks. (rElec)
You are resistant to unholy torment.
You are immune to petrification.


Message History

You kill the white imp!
No target in view!
Your magical contamination has completely faded away.
You now have enough gold to buy a potion of berserk rage on D:2.
You now have 70 gold pieces (gained 18).
No target in view!
Found a chain mail.
No target in view!
A hornet comes into view.
Found 8 gold pieces.
The hornet buzzes angrily.
Aiming: Stone Arrow (dangerous; 3% risk of failure)
Aim: a hornet (57% to hit)
Okay, then.
Unknown command.
Casting: Stone Arrow (dangerous; 3% risk of failure)
Aiming: Sandblast (safe; 1% risk of failure)
Aim: a hornet (74% to hit)
The blast of sand hits the hornet.
Here: a hornet (lightly wounded)
The floor.
Unknown command.
Casting: Sandblast (safe; 1% risk of failure)
Aiming: Passwall (safe; 5% risk of failure) Please select a wall.
Okay, then.
Unknown command.
Aiming: Stone Arrow (dangerous; 3% risk of failure)
Aim: a hornet (lightly wounded, 57% to hit)
The stone arrow misses the hornet.
The hornet stings you but does no damage.
Aiming: Stone Arrow (dangerous; 3% risk of failure)
Aim: a hornet (lightly wounded, 57% to hit)
The stone arrow hits the hornet!
The hornet stings you! x2
Aiming: Stone Arrow (dangerous; 3% risk of failure)
Aim: a hornet (heavily wounded, 57% to hit)
The stone arrow misses the hornet.
The hornet stings you!
You die...

#....... #.#
#.# #...... #.#
#.# #...# #.#
#.. ##
#...####.# ..
##.......##
#.#........#
#...^#######
#####.#######
#....@......#
......$y#####..
....###.# ...
#.# $. #.# .
#.# #.# #.#


You could see a hornet.

Vanquished Creatures
  An ice beast (D:5)
  An ogre (D:4)
  3 kobold brigands (Sewer)
  2 hounds
  An orc wizard (D:4)
  5 gnolls
  3 adders
  4 river rats (Sewer)
  A white imp (D:5)
  2 dart slugs (D:2)
  A worm (D:2)
  5 orcs (D:4)
  16 ball pythons
  4 bats
  10 endoplasms
  11 giant cockroaches
  9 goblins
  12 hobgoblins
  17 jackals
  5 quokkas
  7 frilled lizards
  10 kobolds
  5 rats
135 creatures vanquished.

Vanquished Creatures (others)
  32 plants
32 creatures vanquished.

Grand Total: 167 creatures vanquished

Notes
Turn   | Place    | Note
-------+----------+-------------------------------------------
     0 | D:1      | Colgate the Gargoyle Earth Elementalist began the quest for
                  | the Orb.
     0 | D:1      | Reached XP level 1. HP: 10/10 MP: 3/3
   145 | D:1      | Reached XP level 2. HP: 15/15 MP: 3/5
   398 | D:1      | Learned a level 2 spell: Passwall
   534 | D:1      | Reached skill level 5 in Earth Magic
   534 | D:1      | Reached XP level 3. HP: 15/19 MP: 2/6
   770 | D:1      | Learned a level 3 spell: Stone Arrow
  1042 | D:1      | Reached XP level 4. HP: 24/24 MP: 5/7
  1130 | D:2      | Found Jealeu's Distillery.
  1995 | D:2      | Reached skill level 1 in Conjurations
  2197 | D:2      | Bought a potion of heal wounds for 60 gold pieces
  2197 | D:2      | Bought a potion of curing for 36 gold pieces
  2361 | D:3      | Reached XP level 5. HP: 24/28 MP: 4/8
  2542 | D:3      | Found a glowing drain.
  2600 | Sewer    | Entered a sewer
  2716 | Sewer    | Noticed a kobold brigand
  2748 | Sewer    | Killed a kobold brigand
  2749 | Sewer    | Reached XP level 6. HP: 26/32 MP: 0/9
  3000 | Sewer    | Reached skill level 5 in Conjurations
  3788 | D:3      | Found a faded altar of an unknown god.
  4161 | D:2      | Bought a potion of brilliance for 48 gold pieces
  4235 | D:4      | Reached XP level 7. HP: 36/36 MP: 7/11
  4860 | D:4      | Found a glowing silver altar of Zin.
  6042 | D:4      | Found a glowing silver altar of Zin.
  6522 | D:5      | Entered Level 5 of the Dungeon
  6522 | D:5      | Found Ledinyt's Gadget Gallery.
  6663 | D:5      | Found a radiant altar of Vehumet.
  6969 | D:5      | Noticed a hornet
  6975 | D:5      | Slain by a hornet

Illustrated notes

Levels and vault maps discovered:
D:1:      wander_arrival_estate, layout_rooms, minmay_statues_item
D:2:      minmay_recursive_quarters, layout_basic, serial_shops, shop
D:3:      layout_rooms, shapermc_ecumenical_altar_venn, gup_sewer_entry_pipe,
          kennysheep_small_spiral, minmay_goblin_kobold_house
D:4:      layout_cave_pods, mainiacjoe_overflow_tiny_flanked,
          minmay_misc_feat_more_columns, hangedman_decor_peaks_small,
          chequers_big_river
D:5:      layout_loops_ring, nicolae_vehumet_radiance, temple_doors_e,
          eino_curves_02, roderic_filled_cross, minmay_misc_feat_iff,
          nicolae_shop_gadgets

Skill      XL: |  1  2  3  4  5  6  7 |
---------------+----------------------+-----
Earth Magic    | 4 5 6 |  6.0
Conjurations   | 2 4 5 6 |  6.0
Spellcasting   | 3 4 |  4.4
Dodging        | |  1.5
Stealth        | |  2.1
Transmutations | |  0.7
Ice Magic      | |  0.6

Action                   |  1- 3 |  4- 6 |  7- 9 || total
-------------------------+-------+-------+-------++-------
Melee: Unarmed           |     1 |       |       ||     1
       Spear             |     5 |    15 |       ||    20
       Trident           |       |     3 |     5 ||     8
Throw: Dart              |       |     6 |       ||     6
 Cast: Sandblast         |    51 |    82 |    19 ||   152
       Stone Arrow       |       |    12 |    26 ||    38
  Use: Scroll            |       |     7 |       ||     7
Armor: Robe              |    14 |    11 |    14 ||    39
Dodge: Dodged            |    16 |    18 |    15 ||    49

Table legend: (Time is in decaauts)
 A = Elapsed time spent in this place.
 B = Non-inter-level travel time spent in this place.
 C = Inter-level travel time spent in this place.
 D = Time resting spent in this place.
 E = Time spent auto-exploring this place.
 F = Levels seen in this place.
 G = Mean time per level.
                   A        B        C        D        E       F      G
               +--------+--------+--------+--------+--------+-----+--------+
         Total |   7239 |   7014 |    225 |    553 |   5368 |   6 | 1206.5 |
       Dungeon |   6103 |   5878 |    225 |    537 |   4490 |   5 | 1220.6 |
         Sewer |   1136 |   1136 |      0 |     16 |    877 |   1 | 1136.0 |
               +--------+--------+--------+--------+--------+-----+--------+

Top non-repeatable levels by time:
     D:4: 2566 daAuts
     D:1: 1151 daAuts
   Sewer: 1136 daAuts
     D:2: 1093 daAuts
     D:3: 1023 daAuts
     D:5: 269 daAuts
